 Dungeon Crawl Stone Soup version 0.30.1-10-g1249ef9ec4 (webtiles) character file.

Game seed: 10911078358426744250

693 H0rd4k the Cutter (level 7, -10/53 HPs)
             Began as a Human Artificer on Oct 26, 2023.
             Was an Initiate of Gozag.
             Mangled by Duvessa
             ... wielding a +0 short sword of venom
              (15 damage)
             ... on level 5 of the Dungeon.
             The game lasted 00:04:10 (4960 turns).

H0rd4k the Cutter (Human Artificer)                 Turns: 4960, Time: 00:04:11

Health: -10/53     AC:  5    Str: 13    XL:     7   Next: 96%
Magic:  0/7        EV: 13    Int: 13    God:    Gozag
Gold:   220        SH:  0    Dex: 13    Spells: 6/6 levels left

rFire   . . .        i - +2 dagger (venom)
rCold   . . .        (no shield)
rNeg    . . .        b - +0 leather armour
rPois   .            (no helmet)
rElec   .            t - +0 cloak
rCorr   .            (no gloves)
SInv    .            D - +0 pair of boots
Will    +....        k - amulet of guardian spirit
Stlth   +            q - ring of willpower
HPRegen 0.28/turn    (no ring)
MPRegen 0.10/turn

%: guardian spirit
@: lethally poisoned (-10 -> -38), gold aura
A: no striking features
a: Renounce Religion, Potion Petition, Call Merchant, Bribe Branch


You were on level 5 of the Dungeon.
You worshipped Gozag.
Gozag was aware of your devotion.
You visited 2 branches of the dungeon, and saw 6 of its levels.

You collected 319 gold pieces.
You paid 99 gold pieces to Gozag.

Inventory:

Hand Weapons
 i - a +2 dagger of venom (weapon)
Missiles
 m - 4 poisoned darts
Armour
 b - a +0 leather armour (worn)
 t - a +0 cloak (worn)
 D - a +0 pair of boots (worn)
Magical Staves
 n - a staff of conjuration
 B - a staff of cold
Jewellery
 k - an amulet of guardian spirit (around neck)
 q - a ring of willpower (left hand)
 F - a ring of willpower
Wands
 c - a wand of flame (31) (quivered)
 d - a wand of charming (10)
 e - a wand of iceblast (4)
 u - a wand of polymorph (15)
 v - a wand of roots (9)
 G - a wand of mindburst (14)
Scrolls
 a - 4 scrolls of identify {unknown}
 l - 2 scrolls of enchant weapon {unknown}
 p - 2 scrolls of immolation {unknown}
 r - 5 scrolls of enchant armour {unknown}
 s - a scroll of silence {unknown}
 x - a scroll of vulnerability {unknown}
 y - a scroll of blinking {unknown}
 C - a scroll of teleportation {unknown}
Potions
 f - 2 potions of haste {unknown}
 g - a potion of heal wounds
 h - a potion of lignification {unknown}
 j - 5 potions of curing {unknown}
 o - 3 potions of invisibility {unknown}
 w - 2 potions of degeneration {unknown}
 z - a potion of flight {unknown}
 A - 2 potions of might
 E - a potion of experience {unknown}


   Skills:
 + Level 3.6 Fighting
 + Level 4.7 Short Blades
 + Level 2.0 Maces & Flails
 - Level 2.0 Armour
 + Level 4.0 Dodging
 - Level 1.0 Stealth
 + Level 3.8 Evocations


You had 6 spell levels left.
You didn't know any spells.
Your spell library contained the following spells:

 Spells                   Type           Power      Damage    Failure   Level
 Freeze                   Ice            0%         1d3       36%         1
 Necrotise                Necr           0%         1d4       36%         1
 Blink                    Tloc           0%         N/A       52%         2
 Lesser Beckoning         Tloc           0%         N/A       52%         2
 Momentum Strike          Conj/Tloc      0%         3d8       52%         2
 Frozen Ramparts          Ice            0%         1d1       75%         3
 Hailstorm                Conj/Ice       0%         3d3       75%         3
 Vampiric Draining        Necr           0%         2d6       75%         3
 Agony                    Necr           0%         N/A       100%        5


Dungeon Overview and Level Annotations

Branches:
Dungeon (5/15)             Temple (1/1) D:5

Altars:
Ashenzari
Cheibriados
Dithmenos
Elyvilon
Fedhas
Gozag
Hepliaklqana
Kikubaaqudgha
Makhleb
Nemelex Xobeh
Okawaru
Ru
Sif Muna
Uskayaw
Vehumet
Wu Jian
Xom
Yredelemnul
The Shining One

Annotations:
D:3 exclusion: downstairs
D:5 Duvessa


Message History

You feel very sick. Duvessa barely misses you.
Duvessa hits you with a +0 short sword of venom!
* * * LOW HITPOINT WARNING * * *
You are more poisoned.
Unknown command.
Okay, then.
It was a potion of heal wounds.
You feel much better.
You feel very sick. Duvessa barely misses you.
You barely miss Duvessa.
Duvessa is severely wounded.
You feel very sick.
Duvessa hits you with a +0 short sword of venom!
You are lethally poisoned!
You feel much better.
You feel extremely sick.
Duvessa hits you with a +0 short sword of venom.
Duvessa hits you but does no damage.
You are lethally poisoned!
You closely miss Duvessa.
Duvessa is severely wounded.
You feel very sick.
Duvessa hits you with a +0 short sword of venom!
* * * LOW HITPOINT WARNING * * *
You are more poisoned.
You feel much better.
You feel extremely sick.
Duvessa hits you with a +0 short sword of venom!
Aiming: Charm
Press: ? - help, Shift-Dir - straight line, f/p - Duvessa
Aim: Duvessa, wielding a +0 short sword of venom and wearing a +0 leather armour (severely wounded, berserk, strong, very poisoned, chance to affect: 41%) Duvessa resists with some effort.
* * * LOW HITPOINT WARNING * * *
You feel extremely sick.
Duvessa hits you with a +0 short sword of venom.
* * * LOW HITPOINT WARNING * * *
Duvessa hits you with a +0 short sword of venom!
You die...
Your body crumbles into a pile of gold.

...##>#.# .###....##
#.##.#.####### #.##.#
#...<........# #.##.# .
#.##.#>#####.# #.##.# .###
#.##.#.#####.# #.##.# ...#
#.#.......##.# #.##.# .#.#
#.#....##.##.###.##.#### ...#
##<..##.##.##.#.........#
.#.###.#..##....@e.....##.##.#
...#......##.##.##$..#..#.#
.#...####....##...........#
...### #.......#####'##..## #
.#)# ##.#....# ...#......###
...# #.#[.#.# +...#.........
#..#######.#....#
#...#..##.####
##.##...........# +...#..##.#
#..............# #⌠8⌠#.....#


You could see Duvessa (berserk, strong, very poisoned).

Vanquished Creatures
  A black bear (D:5)
  A phantom (D:5)
  An orc priest (D:3)
  A hound (D:5)
  3 jellies (D:4)
  Jessica (D:2)
  Terence (D:2)
  2 orc wizards
  5 adders
  10 gnolls
  3 worms
  A dart slug (D:2)
  8 orcs
  4 bats
  5 endoplasms
  2 giant cockroaches
  16 goblins
  5 hobgoblins
  12 jackals
  8 kobolds
  7 quokkas
  13 ball pythons
  4 frilled lizards (D:1)
  6 rats
120 creatures vanquished.

Vanquished Creatures (collateral kills)
  A hobgoblin (D:2)
1 creature vanquished.

Vanquished Creatures (others)
  Dowan (D:5)
  A jelly (D:4)
2 creatures vanquished.

Grand Total: 123 creatures vanquished

Notes
Turn   | Place    | Note
-------+----------+-------------------------------------------
     0 | D:1      | H0rd4k the Human Artificer began the quest for the Orb.
     0 | D:1      | Reached XP level 1. HP: 15/15 MP: 1/1
   156 | D:1      | Reached XP level 2. HP: 17/21 MP: 2/2
   384 | D:1      | Found a faded altar of an unknown god.
   483 | D:1      | Reached skill level 1 in Maces & Flails
   501 | D:1      | Reached XP level 3. HP: 24/26 MP: 3/3
  1042 | D:2      | Noticed Jessica
  1047 | D:2      | Killed Jessica
  1048 | D:2      | Reached XP level 4. HP: 29/32 MP: 2/4
  1148 | D:2      | Reached skill level 1 in Short Blades
  1154 | D:2      | Reached XP level 5. HP: 27/38 MP: 2/5
  1839 | D:2      | Noticed Terence
  1858 | D:2      | Your ally Terence died
  2808 | D:3      | Reached XP level 6. HP: 40/44 MP: 6/6
  3724 | D:4      | Reached XP level 7. HP: 47/51 MP: 7/7
  4285 | D:5      | Entered Level 5 of the Dungeon
  4601 | D:5      | Found a staircase to the Ecumenical Temple.
  4610 | Temple   | Entered the Ecumenical Temple
  4823 | Temple   | Became a worshipper of Gozag Ym Sagoz the Greedy
  4939 | D:5      | Noticed Duvessa
  4939 | D:5      | Noticed Dowan
  4952 | D:5      | Your ally Dowan died
  4960 | D:5      | Mangled by Duvessa

Illustrated notes

Levels and vault maps discovered:
D:1:      dpeg_arrival_fog, layout_loops_cross,
          shapermc_ecumenical_altar_flowoftime
D:2:      layout_basic, kennysheep_small_spiral, guppyfry_early_lair_pool,
          uniq_jessica, uniq_terence
D:3:      layout_loops_ring, nicolae_grassy_gnolls
D:4:      layout_basic
D:5:      dreamdust_elfheim, layout_loops_ring, grunt_temple_overflow_diamond,
          minmay_temple_entry_tees, serial_glass, glass_columns_b,
          glass_columns_c, item_on_display_a, nrook_uturn
Temple:   nicolae_temple_bog_church

Skill      XL: |  1  2  3  4  5  6  7 |
---------------+----------------------+-----
Maces & Flails | 1 2 |  2.0
Dodging        | 2 3 4 |  4.0
Short Blades   | 1 2 3 4 |  4.7
Fighting       | 2 3 |  3.6
Armour         | |  2.0
Stealth        | |  1.0
Evocations     | |  3.8

Action                     |  1- 3 |  4- 6 |  7- 9 || total
---------------------------+-------+-------+-------++-------
  Melee: Club              |    53 |       |       ||    53
         Dagger            |    77 |   197 |   103 ||   377
         Punch             |     1 |     3 |     2 ||     6
  Evoke: Wand              |     1 |     2 |     4 ||     7
    Use: Potion            |       |       |     3 ||     3
   Stab: Sleeping          |     1 |     6 |     1 ||     8
 Armour: Leather armour    |    63 |    40 |    19 ||   122
  Dodge: Dodged            |   110 |   105 |    57 ||   272
